 Dungeon Crawl Stone Soup version 0.20.1-1-g8b1a95d (webtiles) character file.

113 Taban the Shield-Bearer (level 5, -7/41 HPs)
             Began as a Human Fighter on Nov 23, 2017.
             Mangled by Sigmund
             ... wielding a +0 scythe
              (8 damage)
             ... on level 2 of the Dungeon.
             The game lasted 00:09:51 (1593 turns).

Taban the Shield-Bearer (Human Fighter)             Turns: 1593, Time: 00:09:51

Health: -7/41      AC:  6    Str: 16    XL:     5   Next: 17%
Magic:  5/5        EV:  7    Int:  9    God:
Gold:   113        SH:  9    Dex: 13    Spells: 4/4 levels left

rFire    . . .     SeeInvis .   a - +2 long sword
rCold    . . .     Gourm    .   c - +0 shield
rNeg     . . .     Faith    .   b - +0 scale mail
rPois    .         Spirit   .   (no helmet)
rElec    .         Reflect  .   (no cloak)
rCorr    .         Harm     .   (no gloves)
MR       .....                  (no boots)
Stlth    ..........             (no amulet)
Regen    0.2/turn               (no ring)
MPRegen  0.1/turn               (no ring)

@: lethally poisoned (-7 -> -13)
A: no striking features
a: no special abilities


You were on level 2 of the Dungeon.
You were hungry.

You visited 1 branch of the dungeon, and saw 2 of its levels.

You collected 113 gold pieces.

Inventory:

Hand Weapons
 a - a +2 long sword (weapon)
 e - a +2 short sword of freezing
Missiles
 q - 3 tomahawks (quivered)
Armour
 b - a +0 scale mail (worn)
 c - a +0 shield (worn)
 g - a +0 ring mail
 o - a +0 scale mail
Jewellery
 i - a cursed ring of teleportation {unknown}
 l - a cursed ring of teleportation {unknown}
 p - an uncursed ring of see invisible {unknown}
 z - an uncursed ring of fire {unknown}
Scrolls
 h - a scroll of magic mapping {unknown}
 v - a scroll of identify {unknown}
 y - a scroll of teleportation {unknown}
Potions
 d - a potion of might
 j - a potion of haste {unknown}
 k - a potion of brilliance {unknown}
 n - a potion of heal wounds {unknown}
 s - 2 potions of curing
 t - a potion of invisibility {unknown}
 u - a potion of berserk rage {unknown}
 w - a potion of flight {unknown}
 x - a potion of resistance {unknown}
Comestibles
 f - 4 bread rations
 r - 2 royal jellies


   Skills:
 + Level 3.2 Fighting
 + Level 3.3 Long Blades
 + Level 3.5 Armour
 + Level 0.6 Dodging
 + Level 3.9 Shields


You had 4 spell levels left.
You didn't know any spells.

Dungeon Overview and Level Annotations

Branches:
Dungeon (2/15)

Altars:

Annotations:
D:2 Sigmund


Message History

The magic dart hits you!
You closely miss something.
You feel sick. You block the adder's attack. x2
You hear some strange, mumbled words.
Something tries to affect you, but you resist.
You miss something. The adder bites you but does no damage.
You hear some strange, mumbled words.
A magic dart appears from out of thin air!
The magic dart hits you!
You closely miss something.
You feel sick. The adder bites you.
* * * LOW HITPOINT WARNING * * *
You are more poisoned.
The adder poisons you! Something hits you!
* * * LOW HITPOINT WARNING * * *
The adder closely misses you.
You miss something.
* * * LOW HITPOINT WARNING * * *
You feel sick. The adder bites you.
* * * LOW HITPOINT WARNING * * *
Something hits you!
You die...

#........########.#...#..#
#...###### #.....†(##.## #...#
#..###..##.#### #...#
#######..#...###.#... #...#
#........#.####..#.## #...#
#.#####..#.# #..##.## ######...#
#.#.....##.###....... #.)......#
#.#........#........÷
#........####..{@S.......##......
#.............##..)....####......
#.>...)......###.......# #......
#..).<....#### ######### #......
#.)......## ####### #........#
#........# #........# ##########


You could see an adder.

Vanquished Creatures
  Jessica (D:2)
  2 adders (D:2)
  2 oozes (D:1)
  2 dart slugs (D:1)
  A leopard gecko (D:1)
  3 giant cockroaches
  9 goblins
  4 hobgoblins
  A quokka (D:2)
  A ball python (D:1)
  5 bats
  2 frilled lizards
  16 kobolds
  7 rats
56 creatures vanquished.

Notes
Turn   | Place    | Note
-------+----------+-------------------------------------------
     0 | D:1      | Taban the Human Fighter began the quest for the Orb.
     0 | D:1      | Reached XP level 1. HP: 18/18 MP: 1/1
    55 | D:1      | Reached XP level 2. HP: 23/24 MP: 2/2
   371 | D:1      | Reached XP level 3. HP: 25/29 MP: 3/3
   788 | D:2      | Reached XP level 4. HP: 30/35 MP: 4/4
   930 | D:2      | Noticed Jessica
   936 | D:2      | Killed Jessica
   936 | D:2      | Reached XP level 5. HP: 37/41 MP: 5/5
  1053 | D:2      | Noticed Sigmund
  1127 | D:2      | HP: 2/41 [leopard gecko (4)]
  1593 | D:2      | HP: 1/41 [adder (2)]
  1593 | D:2      | Mangled by Sigmund

Skill      XL: |  1  2  3  4 |
---------------+-------------+-----
Long Blades    | 3 |  3.3
Fighting       | |  3.2
Armour         | |  3.5
Dodging        | |  0.6
Shields        | |  3.9

Action                   |  1- 3 |  4- 6 || total
-------------------------+-------+-------++-------
Melee: Long sword        |    57 |   101 ||   158
       Short sword       |    18 |       ||    18
  Use: Scroll            |     2 |     1 ||     3
       Potion            |     1 |     2 ||     3
  Eat: Chunk             |       |     2 ||     2
Armor: Scale mail        |    37 |    48 ||    85
Dodge: Dodged            |    13 |    33 ||    46
Block: Shield            |    30 |    64 ||    94
       Rpst.: Long sword |     4 |     7 ||    11
